3AA
YAKIMA HOPS @ GLENDALE HERONS
08/03/2030
 
TOP OF THE 1ST
Yakima Hops batting - Pitching for Glendale Herons : RHP Patrick Kilshaw
Pitching: RHP Patrick Kilshaw
Batting: RHB Xavier Gama 0-0: Swinging Strike
0-1: Fly out, F7 (Flyball, 7S)
Batting: LHB Ieyoshi Samurakami 0-0: Foul Ball, location: 2F
0-1: Foul Ball, location: 2F
0-2: Strikes out swinging
Batting: SHB José Rico 0-0: Ball
1-0: Ball
2-0: Called Strike
2-1: Ball
3-1: Base on Balls
Batting: LHB Tim O'Neal 0-0: Called Strike
0-1: Ball
1-1: Ball
2-1: Foul Ball, location: 2F
2-2: Foul Ball, location: 2F
2-2: Ball
3-2: Fly out, F3 (Line Drive, 3L)
Top of the 1st over - 0 runs, 0 hits, 0 errors, 1 left on base; Yakima 0 - Glendale 0
BOTTOM OF THE 1ST
Glendale Herons batting - Pitching for Yakima Hops : RHP Oriol Razo
Pitching: RHP Oriol Razo
Batting: LHB Su-wu Xiao 0-0: Ball
1-0: Swinging Strike
1-1: Ball
2-1: Ball
3-1: Ground out 4-3 (Groundball, 4)
Batting: RHB Michael Sweeney 0-0: Foul Ball, location: 2F
0-1: Ball
1-1: Ball
2-1: Ball
3-1: Foul Ball, location: 2F
3-2: Base on Balls
Batting: SHB Yun-qi Chien 0-0: Foul Ball, location: 2F
0-1: Swinging Strike
0-2: Foul Ball, location: 2F
0-2: Foul Ball, location: 2F
0-2: Ball
1-2: Ball
2-2: Ball
3-2: DOUBLE (Flyball, 8LD)
Michael Sweeney to third
Michael Sweeney scores
Batting: LHB Jin-song Seah 0-0: SINGLE (Groundball, 6MD)
Yun-qi Chien to third
Runner from 3rd tries for Home, SAFE, no throw
Batting: RHB Francisco Guerra 0-0: Called Strike
0-1: Ball
1-1: Ball
2-1: SINGLE (Groundball, 4M) (infield hit)
Jin-song Seah to second
Batting: RHB Cristián Lima 0-0: Ball
1-0: Ball
2-0: Called Strike
2-1: Ball
3-1: Base on Balls
Jin-song Seah to third
Francisco Guerra to second
Batting: RHB Takechi Okubo 0-0: Ball
1-0: Ball
2-0: Ball
3-0: Base on Balls
Jin-song Seah scores
Francisco Guerra to third
Cristián Lima to second
Batting: RHB Hatui Haunani 0-0: Called Strike
0-1: Ball
1-1: Ball
2-1: Called Strike
2-2: Foul Ball, location: 2F
2-2: Strikes out swinging
Batting: SHB Jesús Herrera 0-0: Ball
1-0: Called Strike
1-1: Foul Ball, location: 2F
1-2: Ball
2-2: Foul Ball, location: 2F
2-2: Ground out 1-3 (Groundball, 13S)
Bottom of the 1st over - 3 runs, 3 hits, 0 errors, 3 left on base; Yakima 0 - Glendale 3
TOP OF THE 2ND
Yakima Hops batting - Pitching for Glendale Herons : RHP Patrick Kilshaw
Batting: RHB Jud Regan 0-0: Ball
1-0: Called Strike
1-1: Ball
2-1: Ball
3-1: Base on Balls
Batting: RHB Mark Finney 0-0: Called Strike
0-1: Called Strike
0-2: Strikes out looking
Batting: RHB Javier Carretero 0-0: Grounds into double play, 4-6-3 (Groundball, 4)
Top of the 2nd over - 0 runs, 0 hits, 0 errors, 0 left on base; Yakima 0 - Glendale 3
BOTTOM OF THE 2ND
Glendale Herons batting - Pitching for Yakima Hops : RHP Oriol Razo
Batting: LHB Su-wu Xiao 0-0: Ball
1-0: SINGLE (Flyball, 9S)
Batting: RHB Michael Sweeney 0-0: Called Strike
0-1: Foul Ball, location: 2F
0-2: Ball
Su-wu Xiao is caught stealing 2nd base
1-2: Strikes out swinging
Batting: SHB Yun-qi Chien 0-0: Fly out, F4 (Line Drive, 34)
Bottom of the 2nd over - 0 runs, 1 hit, 0 errors, 0 left on base; Yakima 0 - Glendale 3
TOP OF THE 3RD
Yakima Hops batting - Pitching for Glendale Herons : RHP Patrick Kilshaw
Batting: RHB Luis Rodríguez 0-0: Ball
1-0: Ball
2-0: SOLO HOME RUN (Flyball, 7LD), Distance : 342 ft
Batting: RHB Giuseppe Provolone 0-0: Called Strike
0-1: Ball
1-1: Called Strike
1-2: Foul Ball, location: 2F
1-2: Ball
2-2: Ball
3-2: Fly out, F6 (Popup, 6MD)
Batting: RHB Xavier Gama 0-0: Ball
1-0: Ball
2-0: Fly out, F7 (Flyball, 78M)
Batting: LHB Ieyoshi Samurakami 0-0: Ground out 4-3 (Groundball, 4)
Top of the 3rd over - 1 run, 1 hit, 0 errors, 0 left on base; Yakima 1 - Glendale 3
BOTTOM OF THE 3RD
Glendale Herons batting - Pitching for Yakima Hops : RHP Oriol Razo
Batting: LHB Jin-song Seah 0-0: Called Strike
0-1: Called Strike
0-2: Fly out, F3 (Popup, 3F)
Batting: RHB Francisco Guerra 0-0: Ball
1-0: Called Strike
1-1: Ball
2-1: Ball
3-1: Called Strike
3-2: Base on Balls
Batting: RHB Cristián Lima 0-0: Ball
Francisco Guerra is caught stealing 2nd base
1-0: Swinging Strike
1-1: Swinging Strike
1-2: Ball
2-2: Strikes out looking
Bottom of the 3rd over - 0 runs, 0 hits, 0 errors, 0 left on base; Yakima 1 - Glendale 3
TOP OF THE 4TH
Yakima Hops batting - Pitching for Glendale Herons : RHP Patrick Kilshaw
Batting: SHB José Rico 0-0: Foul Ball, location: 2F
0-1: Foul Ball, location: 2F
0-2: Ball
1-2: Fly out, F7 (Flyball, 7S)
Batting: LHB Tim O'Neal 0-0: Ball
1-0: Swinging Strike
1-1: Ball
2-1: Ball
3-1: Foul Ball, location: 2F
3-2: Base on Balls
Batting: RHB Jud Regan 0-0: Ball
1-0: Foul Ball, location: 2F
1-1: SINGLE (Groundball, 4MD)
Tim O'Neal to second
Batting: RHB Mark Finney 0-0: Foul Ball, location: 2F
0-1: Ball
1-1: Ball
2-1: Foul Ball, location: 2F
2-2: Fielders Choice at 2nd, 5-4 (Groundball, 56)
Tim O'Neal to third
Batting: RHB Javier Carretero 0-0: Called Strike
0-1: SINGLE (Groundball, 4MD)
Tim O'Neal scores
Mark Finney to second
Runner from 2nd tries for 3rd, SAFE, no throw
Batting: RHB Luis Rodríguez 0-0: Called Strike
0-1: Ball
1-1: Foul Ball, location: 2F
1-2: Foul Ball, location: 2F
1-2: Ball
2-2: Strikes out looking
Top of the 4th over - 1 run, 2 hits, 0 errors, 2 left on base; Yakima 2 - Glendale 3
BOTTOM OF THE 4TH
Glendale Herons batting - Pitching for Yakima Hops : RHP Oriol Razo
Batting: RHB Takechi Okubo 0-0: Called Strike
0-1: Ball
1-1: Foul Ball, location: 2F
1-2: Strikes out swinging
Batting: RHB Hatui Haunani 0-0: Swinging Strike
0-1: Fly out, F4 (Popup, 34)
Batting: SHB Jesús Herrera 0-0: Ball
1-0: Foul Ball, location: 2F
1-1: Foul Ball, location: 2F
1-2: Strikes out swinging
Bottom of the 4th over - 0 runs, 0 hits, 0 errors, 0 left on base; Yakima 2 - Glendale 3
TOP OF THE 5TH
Yakima Hops batting - Pitching for Glendale Herons : RHP Patrick Kilshaw
Batting: RHB Giuseppe Provolone 0-0: Ball
1-0: Fly out, F4 (Line Drive, 4)
Batting: RHB Xavier Gama 0-0: Swinging Strike
0-1: Ball
1-1: Swinging Strike
1-2: Ball
2-2: Ball
3-2: SINGLE (Line Drive, 6MD)
Batting: LHB Ieyoshi Samurakami 0-0: Fly out, F7 (Line Drive, 7S)
Batting: SHB José Rico 0-0: Ball
1-0: Called Strike
1-1: Ball
2-1: Fly out, F6 (Popup, 6)
Top of the 5th over - 0 runs, 1 hit, 0 errors, 1 left on base; Yakima 2 - Glendale 3
BOTTOM OF THE 5TH
Glendale Herons batting - Pitching for Yakima Hops : RHP Oriol Razo
Batting: LHB Su-wu Xiao 0-0: Ball
1-0: Foul Ball, location: 2F
1-1: Foul Ball, location: 2F
1-2: SINGLE (Groundball, 34D)
Batting: RHB Michael Sweeney 0-0: Called Strike
0-1: Ball
1-1: Called Strike
1-2: Foul Ball, location: 2F
1-2: Strikes out swinging
Batting: SHB Yun-qi Chien 0-0: Ball
1-0: Foul Ball, location: 2F
1-1: Swinging Strike
1-2: Ball
2-2: SINGLE (Line Drive, 8LS)
Su-wu Xiao to second
Su-wu Xiao to third
Pitching: LHP John Ashwood
Batting: LHB Jin-song Seah 0-0: Swinging Strike
0-1: Foul Ball, location: 2F
0-2: Ball
1-2: Fly out, F9 (Flyball, 9LD)
Runner from 3rd tags up, SCORES, no throw
Batting: RHB Francisco Guerra 0-0: Ball
1-0: Ball
2-0: Foul Ball, location: 2F
2-1: Ball
3-1: Base on Balls
Yun-qi Chien to second
Batting: RHB Cristián Lima 0-0: Ball
1-0: Ball
Error on foul ball, E5
2-1: Foul Ball, location: 2F
2-2: Foul Ball, location: 2F
2-2: Ball
3-2: Fly out, F7 (Flyball, 78M)
Bottom of the 5th over - 1 run, 2 hits, 1 error, 2 left on base; Yakima 2 - Glendale 4
TOP OF THE 6TH
Yakima Hops batting - Pitching for Glendale Herons : RHP Patrick Kilshaw
Batting: LHB Tim O'Neal 0-0: Ball
1-0: Ball
2-0: SINGLE (Groundball, 34S) (infield hit)
Batting: RHB Jud Regan 0-0: Foul Ball, location: 2F
0-1: SINGLE (Groundball, 6MD)
Tim O'Neal to second
Batting: RHB Mark Finney 0-0: Bunted foul
0-1: Ball
1-1: Bunted foul
1-2: Ball
2-2: Fielders Choice at 2nd, 5-4 (Groundball, 56)
Tim O'Neal to third
Batting: RHB Javier Carretero 0-0: Ball
1-0: Called Strike
1-1: Fielders Choice at 2nd, 3-6 (Groundball, 3)
Tim O'Neal scores
Batting: RHB Luis Rodríguez 0-0: Ball
1-0: Foul Ball, location: 2F
1-1: Ball
2-1: Foul Ball, location: 2F
2-2: Foul Ball, location: 2F
2-2: Fly out, F6 (Flyball, 56D)
Top of the 6th over - 1 run, 2 hits, 0 errors, 1 left on base; Yakima 3 - Glendale 4
BOTTOM OF THE 6TH
Glendale Herons batting - Pitching for Yakima Hops : LHP John Ashwood
Batting: RHB Takechi Okubo 0-0: Ball
1-0: Ball
2-0: Ball
3-0: Called Strike
3-1: Base on Balls
Batting: RHB Hatui Haunani 0-0: Called Strike
0-1: Sac Bunt - play at first, batter OUT! 3-4
Takechi Okubo to second
Batting: SHB Jesús Herrera 0-0: Fly out, F9 (Line Drive, 9S)
Batting: LHB Su-wu Xiao 0-0: Called Strike
0-1: Ball
1-1: Ball
2-1: Ground out U3 (Groundball, 34)
Bottom of the 6th over - 0 runs, 0 hits, 0 errors, 1 left on base; Yakima 3 - Glendale 4
TOP OF THE 7TH
Yakima Hops batting - Pitching for Glendale Herons : RHP Patrick Kilshaw
Batting: RHB Giuseppe Provolone 0-0: Ball
1-0: Foul Ball, location: 2F
1-1: Called Strike
1-2: Strikes out swinging
Batting: RHB Xavier Gama 0-0: Called Strike
0-1: Foul Ball, location: 2F
0-2: Foul Ball, location: 2F
0-2: Ball
1-2: Strikes out swinging
Batting: LHB Ieyoshi Samurakami 0-0: Called Strike
0-1: Swinging Strike
0-2: Ball
1-2: Strikes out swinging
Top of the 7th over - 0 runs, 0 hits, 0 errors, 0 left on base; Yakima 3 - Glendale 4
BOTTOM OF THE 7TH
Glendale Herons batting - Pitching for Yakima Hops : LHP John Ashwood
Batting: RHB Michael Sweeney 0-0: Called Strike
0-1: Ball
1-1: Called Strike
1-2: Ball
2-2: Foul Ball, location: 2F
2-2: Foul Ball, location: 2F
2-2: Strikes out looking
Batting: SHB Yun-qi Chien 0-0: Ball
1-0: SINGLE (Groundball, 6MD)
Batting: LHB Jin-song Seah 0-0: Called Strike
0-1: Ball
1-1: Ball
2-1: Ball
3-1: Foul Ball, location: 2F
3-2: Foul Ball, location: 2F
3-2: SINGLE (Groundball, 34) (infield hit)
Yun-qi Chien to second
Batting: RHB Francisco Guerra 0-0: Ball
1-0: Called Strike
1-1: Grounds into double play, 4-6-3 (Groundball, 34)
Bottom of the 7th over - 0 runs, 2 hits, 0 errors, 1 left on base; Yakima 3 - Glendale 4
TOP OF THE 8TH
Yakima Hops batting - Pitching for Glendale Herons : RHP Patrick Kilshaw
Batting: SHB José Rico 0-0: Foul Ball, location: 2F
0-1: Fly out, F5 (Popup, 5F)
Batting: LHB Tim O'Neal 0-0: Foul Ball, location: 2F
0-1: Ball
1-1: Ball
2-1: Ball
3-1: Foul Ball, location: 2F
3-2: Foul Ball, location: 2F
3-2: SINGLE (Groundball, 4MD)
Pitching: LHP Nick Riviera
Batting: RHB Jud Regan 0-0: Ball
1-0: Called Strike
1-1: Ball
2-1: Called Strike
2-2: Grounds into double play, 6-4-3 (Groundball, 6)
Top of the 8th over - 0 runs, 1 hit, 0 errors, 0 left on base; Yakima 3 - Glendale 4
BOTTOM OF THE 8TH
Glendale Herons batting - Pitching for Yakima Hops : LHP John Ashwood
Batting: RHB Cristián Lima 0-0: Ball
1-0: Ball
2-0: Called Strike
2-1: Ball
3-1: Foul Ball, location: 2F
3-2: Ground out 5-3 (Groundball, 5L)
Batting: RHB Takechi Okubo 0-0: SOLO HOME RUN (Flyball, 78XD), Distance : 396 ft
Batting: RHB Hatui Haunani 0-0: Called Strike
0-1: Ball
1-1: Called Strike
1-2: Foul Ball, location: 2F
1-2: Strikes out looking
Batting: SHB Jesús Herrera 0-0: DOUBLE (Line Drive, 89D)
Pitching: LHP Daniel Gill
Batting: LHB Su-wu Xiao 0-0: Swinging Strike
0-1: Foul Ball, location: 2F
0-2: Fly out, F9 (Flyball, 89S)
Bottom of the 8th over - 1 run, 2 hits, 0 errors, 1 left on base; Yakima 3 - Glendale 5
TOP OF THE 9TH
Yakima Hops batting - Pitching for Glendale Herons : LHP Nick Riviera
Pitching: RHP Juan Sánchez
Batting: RHB Mark Finney 0-0: Ball
1-0: Swinging Strike
1-1: Foul Ball, location: 2F
1-2: Ball
2-2: Fly out, F8 (Flyball, 8RD)
Batting: RHB Javier Carretero 0-0: Ground out 6-3 (Groundball, 6)
Batting: RHB Luis Rodríguez 0-0: Swinging Strike
0-1: Foul Ball, location: 2F
0-2: Strikes out swinging
Top of the 9th over - 0 runs, 0 hits, 0 errors, 0 left on base; Yakima 3 - Glendale 5
Sunday, March 18th, 2018 - OOTP Baseball 18.8 Build 76